Map: Oceanborn LE

Players

Akri - Winner!

  • Race: Zerg Zerg
  • Spawn Location: 11:00

VOD

Have the link to the VOD?

Description

Time

  • Played on: Dec. 12, 2023, 4:13 p.m.
  • Length: 10:55
Show
View Real Time Build Order
Export as new Build Order

Akri Zerg - Winner!

Build Orders:  

Get SALT Encoding   

  12  0:00  Drone  
  13  0:11  Drone  
  14  0:22  Extractor, Drone  
  15  0:55  Hatchery  
  14  1:02  Extractor, Drone  
  14  1:09  Overlord  
  15  1:33  Spawning Pool  
  15  1:35  Drone  
  15  1:40  Drone  
  15  1:45  Drone  
  17  1:57  Drone  
  18  2:05  Extractor  
  18  2:07  Drone  
  18  2:23  Drone  
  19  2:38  Queen  
  19  2:39  Queen  
  23  2:41  Zergling x2  
  23  2:42  Zergling x2  
  25  2:51  Overlord  
  25  2:57  Drone  
  26  3:13  Drone  
  26  3:16  Drone  
  28  3:29  Queen x2  
  32  3:34  Drone  
  33  3:42  Overlord  
  33  3:46  Extractor  
  33  3:48  Drone  
  33  3:52  Drone  
  34  4:00  Drone  
  34  4:01  Drone  
  34  4:09  Overlord  
  36  4:22  Drone  
  36  4:23  Drone x3  
  28  4:30  Drone  
  41  4:44  Drone  
  42  4:51  Drone  
  42  4:52  Drone  
  42  4:56  Lair  
  44  5:00  Roach Warren  
  44  5:04  Drone x3  
  46  5:12  Overlord  
  46  5:28  Drone x4  
  46  5:29  Drone  
  51  5:38  Overlord  
  51  5:42  Extractor  
  51  5:44  Extractor  
  49  5:53  Drone x2  
  49  5:59  Drone x3  
  54  6:02  Overlord x2  
  54  6:04  Glial Reconstitution  
  54  6:07  Roach x2  
  58  6:23  Roach  
  58  6:24  Roach x2  
  64  6:33  Roach x2  
  68  6:40  Roach  
  68  6:41  Roach x3  
  68  6:46  Overlord  
  76  6:52  Roach x2  
  80  7:01  Roach  
  84  7:17  Roach x2  
  88  7:20  Roach x2  
  88  7:26  Overlord x2  
  92  7:59  Roach  
  94  8:00  Roach x4  
  94  8:06  Overlord  
  94  8:07  Overlord  
  106  8:10  Overseer  
  106  8:18  Roach, Hatchery  
  107  8:31  Roach x4  
  115  8:40  Roach x2  
  119  8:52  Roach  
  119  8:53  Roach  
  122  9:15  Roach  
  117  9:33  Roach x3  
  117  9:35  Overlord x7  
  124  10:07  Overlord  
  124  10:08  Overlord x3  
  124  10:10  Roach  
  124  10:11  Roach  
  128  10:24  Drone, Roach, Evolution Chamber  
  128  10:25  Drone  
  128  10:26  Infestation Pit  
  124  10:30  Evolution Chamber  
  123  10:48  Hatchery  
Tags
 
Add a new tag
Caveats
  • Supply blocks, unpowered buildings, or Contaminate may cause inaccurate times.
  • Supply counts are checked every 10 seconds.